 Dungeon Crawl Stone Soup version 0.28.0-56-g4927b6849a (webtiles) character file.

Game seed: 5727897029296886913

80840 jjjjhere the Covert (level 15, 0/115 HPs)
             Began as a Demonspawn Brigand on Jan 26, 2023.
             Was a Follower of Uskayaw.
             Killed from afar by a naga mage (2 damage)
             ... with a splash of poison
             ... on level 1 of the Snake Pit on Feb 1, 2023.
             The game lasted 01:02:43 (38663 turns).

jjjjhere the Covert (Demonspawn Brigand)           Turns: 38663, Time: 01:02:44

Health: 0/115      AC: 16    Str: 22    XL:     15   Next: 25%
Magic:  28/28      EV: 20    Int: 12    God:    Uskayaw [*.....]
Gold:   698        SH:  5    Dex: 17    Spells: 16/33 levels left

rFire   + . .      SeeInvis .   k - +0 rapier (venom)
rCold   + . .      Faith    .   H - +0 buckler
rNeg    + . .      Spirit   .   I - +3 leather armour of the Robin {rN+}
rPois   .          Reflect  .   Z - +2 hood of the Assassin {Detection Stab+ Stlth++}
rElec   .          Harm     .   W - +1 cloak "Ciehuap" {rC+ Str+2}
rCorr   .          Rampage  .   a - +2 pair of gloves {Str+3}
Will    +....                   x - +0 pair of boots
Stlth   ++++++++..              (no amulet)
HPRegen 0.29/turn               T - ring of protection from fire
MPRegen 0.21/turn               S - +4 ring of slaying

@: agile, lethally poisoned (0 -> -13), slowed, very slow
A: horns 2, rugged brown scales 2, powered by pain 2, demonic magic 3
a: Renounce Religion, Stomp


You were on level 1 of the Snake Pit.
You worshipped Uskayaw.
Uskayaw was aware of your devotion.
You visited 4 branches of the dungeon, and saw 22 of its levels.

You collected 2751 gold pieces.
You spent 2053 gold pieces at shops.

Inventory:

Hand Weapons
 k - a +0 rapier of venom (weapon)
 Y - a +2 short sword of speed
Missiles
 d - 29 poisoned darts (quivered)
 e - a curare-tipped dart
 g - 2 throwing nets
 j - 4 atropa-tipped darts
 B - 10 javelins
 J - 494 stones
 M - 34 boomerangs
Armour
 a - a +2 pair of gloves of strength (worn)
 x - a +0 pair of boots (worn)
 H - a +0 buckler (worn)
 I - the +3 leather armour of the Robin (worn) {rN+}
   (You found it on level 8 of the Dungeon)

   rN:        It protects you from negative energy.
 W - the +1 cloak "Ciehuap" (worn) {rC+ Str+2}
   (You bought it in a shop on level 11 of the Dungeon)

   Str:       It affects your strength (+2).
   rC:        It protects you from cold.
 Z - the +2 hood of the Assassin (worn) {Detection Stab+ Stlth++}
   (You bought it in a shop on level 6 of the Dungeon)

   It allows the wearer to sense nearby creatures.
   It allows the wearer to make particularly effective stabbing attacks against
   helpless or unaware enemies with any weapon.
   Stlth:     It makes you much more stealthy.
Jewellery
 z - a ring of poison resistance
 D - a +6 ring of dexterity
 R - a +6 ring of intelligence
 S - a +4 ring of slaying (right hand)
 T - a ring of protection from fire (left hand)
 X - an amulet of faith
Wands
 c - a wand of flame (16)
 f - a wand of acid (1)
 C - a wand of iceblast (7)
 K - a wand of charming (8)
 L - a wand of mindburst (9)
 P - a wand of polymorph (11)
Scrolls
 b - a scroll of silence {unknown}
 i - 3 scrolls of blinking
 l - 5 scrolls of enchant armour
 q - 3 scrolls of magic mapping
 r - 3 scrolls of summoning
 t - 4 scrolls of identify
 v - a scroll of enchant weapon {unknown}
 y - 3 scrolls of amnesia
 A - 2 scrolls of fog
 E - a scroll of torment
 F - 2 scrolls of teleportation
 G - a scroll of brand weapon
 N - 4 scrolls of immolation
 O - a scroll of vulnerability
Potions
 h - 5 potions of curing
 n - 3 potions of brilliance
 o - 3 potions of heal wounds
 p - 2 potions of attraction
 s - 3 potions of flight
 u - a potion of invisibility
 w - 2 potions of might
 V - a potion of mutation
Miscellaneous
 U - a lightning rod (4/4)


   Skills:
 - Level 7.9 Fighting
 - Level 10.0 Short Blades
 - Level 1.7 Throwing
 + Level 7.6 Dodging
 - Level 14.4 Stealth
 - Level 3.6 Shields
 - Level 9.9 Spellcasting
 + Level 9.7 Hexes
 - Level 2.0 Summonings
 - Level 3.0 Transmutations
 - Level 3.8 Ice Magic
 - Level 3.0 Air Magic
 - Level 2.6 Earth Magic
 - Level 10.5 Invocations


You had 16 spell levels left.
You knew the following spells:

 Your Spells              Type           Power      Damage    Failure   Level
a - Summon Small Mammal   Summ           40%        N/A       8%          1
b - Ensorcelled Hibernat  Hex/Ice        44%        N/A       1%          2
c - Sandblast             Erth           24%        2d8       6%          1
d - Passwall              Tmut/Erth      10%        N/A       9%          2
e - Swiftness             Air            13%        N/A       16%         3
f - Ozocubu's Armour      Ice            15%        N/A       11%         3
g - Confusing Touch       Hex            29%        N/A       1%          3
h - Wereblood             Tmut           13%        N/A       8%          2

Your spell library contained the following spells:

 Spells                   Type           Power      Damage    Failure   Level
 Slow                     Hex            100%       N/A       1%          1
 Tukima's Dance           Hex            29%        N/A       1%          3
 Summon Guardian Golem    Hex/Summ       20%        N/A       4%          3
 Dazzling Flash           Conj/Hex       34%        N/A       8%          3
 Portal Projectile        Hex/Tloc       34%        N/A       8%          3
 Leda's Liquefaction      Hex/Erth       10%        N/A       14%         4
 Animate Skeleton         Necr           10%        N/A       19%         1
 Apportation              Tloc           10%        N/A       19%         1
 Pain                     Necr           20%        1d5       19%         1
 Call Canine Familiar     Summ           10%        N/A       24%         3
 Sublimation of Blood     Necr           5%         N/A       28%         2
 Metabolic Englaciation   Hex/Ice        11%        N/A       30%         5
 Stone Arrow              Conj/Erth      18%        3d8       32%         3
 Silence                  Hex/Air        10%        N/A       36%         5
 Yara's Violent Unravell  Hex/Tmut       10%        3d6       36%         5
 Vampiric Draining        Necr           5%         2d6       50%         3
 Passage of Golubria      Tloc           5%         N/A       88%         4
 Agony                    Necr           5%         N/A       99%         5
 Excruciating Wounds      Necr           2%         N/A       99%         5
 Fireball                 Conj/Fire      2%         3d4       99%         5
 Iskenderun's Battlesphe  Conj           5%         2d6       99%         5
 Conjure Ball Lightning   Conj/Air       4%         3x3d6     100%        6
 Simulacrum               Ice/Necr       5%         N/A       100%        6
 Orb of Destruction       Conj           2%         9d5       100%        7
 Summon Hydra             Summ           5%         N/A       100%        7


Dungeon Overview and Level Annotations

Branches:
Dungeon (13/15)            Temple (0/1) D:6            Lair (6/6) D:9
  Swamp (0/4) Lair:4        Snake (1/4) Lair:2        Slime (0/5) Lair:6
    Orc (2/2) D:12            Elf (0/3) Orc:2        Vaults (0/5) D:13

Altars:
Cheibriados
Dithmenos
Makhleb
Nemelex Xobeh
Qazlal
Ru
Sif Muna
Trog
Uskayaw
Vehumet
Xom
Zin
The Shining One

Shops:
D:6 =:[*!*   D:11 *   Orc:2 :*[[

Portals:
Hell: Lair:6

Annotations:
D:10 3 runed translucent doors, Flarelocke's ghost, novice TrFi
Lair:6 exclusion: 2 doors


Innate Abilities, Weirdness & Mutations

You have a pair of horns on your head.
You are mostly covered in rugged brown scales. (AC +2, +5% HP)
You sometimes gain power by taking damage.
Spells you cast and wands you use may paralyse nearby enemies.


Message History

You feel very sick. The naga mage misses you.
The naga mage gestures at you while chanting.
The bolt of poison hits you!
You are more poisoned.
* * * LOW HITPOINT WARNING * * *
Blink to where?
Press: ? - help, Dir - move target, p - naga mage
As you read the scroll of blinking, it crumbles to dust.
You feel very sick.
The naga mage mumbles some strange words.
The naga mage seems to speed up.
You feel very sick. The naga spits poison at you.
The splash of poison misses you.
You feel very sick.
You feel sick.
You feel better. The naga mage spits poison at you.
You block the splash of poison.
You hear a shout!
The naga mage spits poison at you. The splash of poison hits you!
You are poisoned.
You have difficulty breathing.
* * * LOW HITPOINT WARNING * * *
You feel yourself slow down.
* * * LOW HITPOINT WARNING * * *
* * * LOW HITPOINT WARNING * * *
You feel very sick.
Things that are here:
a +0 morningstar; a naga corpse You feel better.
The naga mage spits poison at you. The splash of poison hits you.
You are lethally poisoned!
You have difficulty breathing.
* * * LOW HITPOINT WARNING * * *
You feel as though you will be slow longer.
You die...

.........# ##.....###......
...###...#### #.....[....#...
...# ###...)#######.........#..##
...## #...............#....#..##
#>..# ###.....##....#...........
#...# #..#.#..#.........#.#####
#...## ##.##.....<.....##...#
.....###..####.#.......##.###
#.##.....## #.#@......#..#######
#.#......#####...).......###.....
#.#...............>......##......
#.#...................##.#..♣♣♣♣♣
.).....[#......####...##....♣
#.......##.N.####......[..♣♣..≈..
........)NN#####..##...#..♣ ..≈≈.
..........#####..###...#..♣ .≈≈≈≈
......#..........# #...#..♣ .≈≈≈≈


You could see 2 naga magi and a naga (curare).

Vanquished Creatures
  An ironbound preserver (D:13)
  An ettin (Orc:1)
  12 hydras
  2 naga warriors (Snake:1)
  A boulder beetle (Lair:6)
  Erica (D:9)
  A death knight (D:13)
  A two-headed ogre (D:11)
  4 centaur warriors (D:13)
  4 anacondas (Snake:1)
  6 death yaks
  A tengu warrior (D:12)
  2 orc high priests (Orc:2)
  A naga sharpshooter (Snake:1)
  Urug (D:11)
  A sun demon (Lair:5)
  2 naga ritualists
  A wizard (Lair:6)
  A lindwurm (Lair:5)
  A phantasmal warrior (D:13)
  A mana viper (Lair:2)
  4 orc knights (Orc:2)
  5 orc sorcerers (Orc:2)
  An ugly thing (D:12)
  A salamander (Snake:1)
  Joseph (D:9)
  12 elephants
  11 black mambas
  4 naga magi (Snake:1)
  A gargoyle (D:13)
  A guardian serpent (Snake:1)
  2 orange demons (Lair:6)
  19 cane toads
  An unseen horror (D:12)
  5 rime drakes
  2 ice devils (Lair:6)
  10 komodo dragons
  2 efreet
  A freezing wraith (D:13)
  2 kobold demonologists (D:13)
  A hellwing (Lair:6)
  2 red devils (Lair:6)
  A tengu conjurer (D:12)
  5 trolls
  4 polar bears
  4 dream sheep (Lair:3)
  12 blink frogs
  3 wraiths
  52 yaks
  A shadow (D:10)
  A vampire (D:12)
  4 basilisks
  2 wyverns
  3 steam dragons
  3 wargs
  Menkaure (D:5)
  3 nagas (Snake:1)
  2 swamp worms (Lair:4)
  3 acid dragons
  3 hell hounds (Lair:6)
  15 water moccasins
  19 orc warriors
  A sky beast (D:5)
  3 black bears
  2 ice beasts (D:7)
  A necrophage (D:7)
  A wolf (Lair:6)
  9 ogres
  11 centaurs
  Blork the orc (D:4)
  11 bullfrogs
  A gnoll sergeant (D:12)
  A wyvern skeleton (D:7)
  A water moccasin skeleton (D:7)
  6 killer bees (D:10)
  3 wights (D:10)
  3 howler monkeys
  3 centaur zombies
  2 hounds
  2 bullfrog zombies (D:6)
  18 orc priests
  4 bullfrog skeletons
  2 centaur skeletons (D:6)
  A gnoll shaman (D:9)
  2 iguanas
  32 orc wizards
  7 hell rats (Lair:4)
  2 hound skeletons
  A howler monkey zombie (D:9)
  A howler monkey skeleton (D:7)
  11 gnolls
  6 adders
  A shadow imp (D:6)
  An ufetubus (D:5)
  2 worms
  8 dart slugs
  61 orcs
  6 endoplasms
  3 giant cockroaches
  7 goblins
  11 hobgoblins
  2 jackals (D:1)
  7 kobolds
  A quokka (D:3)
  4 ball pythons
  7 bats
  2 frilled lizards
  5 rats
552 creatures vanquished.

Vanquished Creatures (collateral kills)
  A hydra (Lair:3)
  A mana viper (Lair:2)
  2 black mambas (Lair:2)
  2 yaks
  A wraith (D:13)
  An orc priest (Orc:2)
  3 orcs
11 creatures vanquished.

Vanquished Creatures (others)
  An orc priest (D:6)
  An orc wizard (D:6)
  8 bushes (Lair:6)
  68 fungi
  68 plants
146 creatures vanquished.

Grand Total: 709 creatures vanquished

Notes
Turn   | Place    | Note
-------+----------+-------------------------------------------
     0 | D:1      | jjjjhere the Demonspawn Brigand began the quest for the
                  | Orb.
     0 | D:1      | Reached XP level 1. HP: 16/16 MP: 1/1
   417 | D:1      | Gained mutation: You have a pair of small horns on your
                  | head. [demonic ancestry]
   417 | D:1      | Reached XP level 2. HP: 18/22 MP: 2/2
   667 | D:1      | Found a faded altar of an unknown god.
   687 | D:1      | Reached XP level 3. HP: 23/27 MP: 3/3
  2111 | D:3      | Gained mutation: You are partially covered in rugged brown
                  | scales. (AC +1, +3% HP) [demonic ancestry]
  2111 | D:3      | Reached XP level 4. HP: 29/36 MP: 4/4
  2887 | D:3      | Found a radiant altar of Vehumet.
  2891 | D:3      | Found a shadowy altar of Dithmenos.
  2894 | D:3      | Found a snail-covered altar of Cheibriados.
  2896 | D:3      | Found a shimmering altar of Xom.
  2896 | D:3      | Found a sparkling altar of Nemelex Xobeh.
  2896 | D:3      | Found a sacrificial altar of Ru.
  2898 | D:3      | Found a hide-covered altar of Uskayaw.
  2910 | D:3      | Became a worshipper of Uskayaw the Reveller
  3104 | D:3      | Reached * piety under Uskayaw
  3404 | D:4      | Gained mutation: Spells you cast may paralyse adjacent
                  | enemies. [demonic ancestry]
  3404 | D:4      | Reached XP level 5. HP: 44/44 MP: 5/5
  3434 | D:4      | Reached ** piety under Uskayaw
  3436 | D:4      | Reached skill level 1 in Invocations
  3742 | D:4      | Noticed Blork the orc
  3761 | D:4      | HP: 14/44 [Blork the orc/+0 war axe (9)]
  3767 | D:4      | Killed Blork the orc
  3768 | D:4      | Reached skill level 5 in Fighting
  3771 | D:4      | Reached XP level 6. HP: 27/52 MP: 3/8
  4008 | D:4      | Reached *** piety under Uskayaw
  4175 | D:4      | HP: 1/52 [ogre/+0 giant club (24)]
  4739 | D:5      | Entered Level 5 of the Dungeon
  4866 | D:5      | Noticed a yak
  4866 | D:5      | Noticed a yak
  4866 | D:5      | Noticed a yak
  4866 | D:5      | Noticed a yak
  4880 | D:5      | Killed a yak
  4881 | D:5      | Reached skill level 5 in Invocations
  4881 | D:5      | Gained mutation: Spells you cast may paralyse nearby
                  | enemies. [demonic ancestry]
  4881 | D:5      | Reached XP level 7. HP: 32/59 MP: 9/11
  4887 | D:5      | Killed a yak
  5253 | D:5      | Noticed a yak
  5255 | D:5      | Killed a yak
  5377 | D:4      | HP: 15/60 [yak (10)]
  5383 | D:4      | Killed a yak
  5384 | D:4      | Gained mutation: Spells you cast and wands you use may
                  | paralyse nearby enemies. [demonic ancestry]
  5384 | D:4      | Reached XP level 8. HP: 19/69 MP: 13/13
  5649 | D:5      | Noticed Menkaure
  6370 | D:5      | Killed Menkaure
  6450 | D:5      | Learned a level 1 spell: Summon Small Mammal
  6604 | D:5      | Reached skill level 1 in Spellcasting
  6604 | D:5      | Reached skill level 1 in Summonings
  6791 | D:5      | Learned a level 2 spell: Ensorcelled Hibernation
  7164 | D:6      | Found Owneddab's Assorted Antiques.
  7164 | D:6      | Found Wupny's Antique Armour Boutique.
  7166 | D:6      | Found Ychenyl's Distillery.
  7166 | D:6      | Found Gyckoit's Book Shop.
  7168 | D:6      | Found Pomicot's General Store.
  7168 | D:6      | Found Xidolan's Jewellery Boutique.
  7367 | D:6      | Found a staircase to the Ecumenical Temple.
  7498 | D:6      | Found a bloodstained altar of Trog.
  7957 | D:6      | Found a stormy altar of Qazlal.
  8235 | D:6      | Reached skill level 1 in Hexes
  8235 | D:6      | Reached skill level 1 in Ice Magic
  8316 | D:7      | Gained mutation: You are mostly covered in rugged brown
                  | scales. (AC +2, +5% HP) [demonic ancestry]
  8316 | D:7      | Reached XP level 9. HP: 62/77 MP: 15/15
  9348 | D:8      | Learned a level 1 spell: Sandblast
  9387 | D:8      | Identified the +3 leather armour of the Robin {rN+}
  9801 | D:8      | Reached **** piety under Uskayaw
  9802 | D:8      | Reached skill level 5 in Short Blades
  9803 | D:8      | Reached ***** piety under Uskayaw
 10210 | D:9      | Gained mutation: You sometimes gain a little power by
                  | taking damage. [demonic ancestry]
 10210 | D:9      | Reached XP level 10. HP: 84/84 MP: 16/16
 10327 | D:9      | Noticed Joseph
 10334 | D:9      | Killed Joseph
 10335 | D:9      | Reached skill level 1 in Shields
 10335 | D:9      | Reached skill level 1 in Earth Magic
 10655 | D:9      | Found a staircase to the Lair.
 10769 | D:9      | Reached skill level 5 in Spellcasting
 11227 | Lair:1   | Entered Level 1 of the Lair of Beasts
 11290 | Lair:1   | Noticed a seven-headed hydra
 11306 | Lair:1   | HP: 19/84 [seven-headed hydra (11)]
 11307 | Lair:1   | Noticed a cane toad
 11329 | Lair:1   | HP: 25/84 [seven-headed hydra (4)]
 11338 | Lair:1   | HP: 16/84 [seven-headed hydra (9)]
 11662 | D:10     | Entered Level 10 of the Dungeon
 11666 | D:10     | Noticed Erica
 11687 | D:10     | HP: 24/84 [Erica/bolt of poison (32)]
 11692 | D:9      | HP: 11/84 [poisoned by Erica (bolt of poison)]
 11697 | D:9      | HP: 7/84 [poisoned by Erica (bolt of poison)]
 12057 | D:9      | Killed a cane toad
 12268 | D:9      | Killed Erica
 12269 | D:9      | Reached skill level 4 in Stealth
 12482 | D:9      | HP: 18/84 [orc warrior/+0 mace (11)]
 12517 | D:8      | HP: 25/84 [steam dragon] (2)]
 13068 | D:10     | Reached skill level 1 in Dodging
 13185 | D:10     | Reached skill level 5 in Stealth
 13286 | D:10     | Noticed a faun
 13287 | D:10     | Found a runed translucent gate.
 13289 | D:10     | Found a runed translucent gate.
 13290 | D:10     | Found a runed translucent gate.
 13290 | D:10     | Noticed a lindwurm
 13290 | D:10     | a faun changed into a lindwurm
 13291 | D:10     | Noticed a boulder beetle
 13292 | D:10     | a lindwurm changed into a wind drake
 13299 | D:10     | Noticed a fire crab
 13299 | D:10     | a wind drake changed into a fire crab
 13329 | D:10     | Noticed Flarelocke's ghost (novice TrFi)
 13344 | D:10     | Noticed a cyclops
 13344 | D:10     | a snapping turtle changed into a cyclops
 13346 | D:10     | Noticed a guardian serpent
 13346 | D:10     | a cyclops changed into a guardian serpent
 13347 | D:10     | Learned a level 2 spell: Passwall
 13350 | D:10     | Noticed a death drake
 13350 | D:10     | a guardian serpent changed into a death drake
 13351 | D:10     | Learned a level 3 spell: Swiftness
 13352 | D:10     | Noticed a two-headed ogre
 13352 | D:10     | a death drake changed into a two-headed ogre
 13353 | D:10     | Noticed a torpor snail
 13353 | D:10     | a two-headed ogre changed into a torpor snail
 13463 | D:10     | Noticed a bunyip
 13467 | D:10     | Noticed a goliath frog
 13467 | D:10     | a bunyip changed into a goliath frog
 13469 | D:10     | Noticed an anaconda
 13543 | D:10     | Reached XP level 11. HP: 80/90 MP: 16/20
 13777 | D:10     | Noticed a dire elephant
 13781 | D:10     | Noticed a frost giant
 13781 | D:10     | a dire elephant changed into a frost giant
 13782 | D:10     | Noticed an iron troll
 13782 | D:10     | a frost giant changed into an iron troll
 13783 | D:10     | Noticed a frost giant
 13783 | D:10     | an iron troll changed into a frost giant
 13784 | D:10     | Noticed an eleionoma
 13784 | D:10     | a frost giant changed into an eleionoma
 13789 | D:10     | Noticed a dire elephant
 13791 | D:10     | Noticed an azure jelly
 13791 | D:10     | a dire elephant changed into an azure jelly
 13792 | D:10     | Noticed an alligator snapping turtle
 13792 | D:10     | an azure jelly changed into an alligator snapping turtle
 13793 | D:10     | Noticed a shadow dragon
 13793 | D:10     | an alligator snapping turtle changed into a shadow dragon
 13851 | D:11     | Found Xutepn's Neck Hole.
 13851 | D:11     | Noticed a two-headed ogre
 13910 | D:10     | Noticed a juggernaut
 13912 | D:10     | Noticed an iron giant
 13912 | D:10     | a juggernaut changed into an iron giant
 13913 | D:10     | Noticed an acid blob
 13913 | D:10     | an iron giant changed into an acid blob
 13914 | D:10     | Noticed an iron dragon
 13914 | D:10     | an acid blob changed into an iron dragon
 13916 | D:10     | Noticed a caustic shrike
 13916 | D:10     | an iron dragon changed into a caustic shrike
 14009 | Lair:1   | Reached skill level 6 in Stealth
 14443 | Lair:1   | Reached skill level 1 in Air Magic
 14932 | Lair:1   | Reached skill level 7 in Stealth
 15137 | Lair:1   | HP: 27/90 [cane toad (19)]
 15142 | Lair:1   | HP: 15/90 [poisoned by a cane toad]
 15147 | Lair:1   | HP: 12/90 [poisoned by a cane toad]
 16053 | Lair:2   | Reached skill level 5 in Dodging
 16124 | Lair:2   | Found a staircase to the Snake Pit.
 16531 | Lair:2   | HP: 27/90 [yak (10)]
 16837 | Lair:3   | HP: 29/90 [black mamba (10)]
 16841 | Lair:2   | HP: 12/90 [black mamba (8)]
 16846 | Lair:2   | HP: 8/90 [poisoned by a black mamba]
 17383 | Lair:3   | Noticed a five-headed hydra
 17425 | Lair:3   | Killed a five-headed hydra
 17426 | Lair:3   | Reached skill level 8 in Stealth
 17665 | Lair:3   | Learned a level 3 spell: Ozocubu's Armour
 17675 | Lair:3   | Gained mutation: You sometimes gain power by taking damage.
                  | [demonic ancestry]
 17675 | Lair:3   | Reached XP level 12. HP: 92/96 MP: 16/23
 17747 | Lair:3   | Noticed a six-headed hydra
 17762 | Lair:3   | HP: 23/96 [six-headed hydra (13)]
 17762 | Lair:3   | Killed a six-headed hydra
 18834 | Lair:4   | Reached skill level 9 in Stealth
 18996 | Lair:3   | HP: 24/96 [black mamba (13)]
 20300 | Lair:4   | Noticed a seven-headed hydra
 20589 | Lair:4   | Noticed a six-headed hydra
 20604 | Lair:4   | Killed a six-headed hydra
 20709 | Lair:4   | HP: 28/96 [seven-headed hydra (7)]
 21093 | Lair:4   | Killed a seven-headed hydra
 21094 | Lair:4   | Reached skill level 10 in Stealth
 21110 | Lair:4   | Found a staircase to the Swamp.
 21229 | Lair:5   | Noticed a death yak
 21229 | Lair:5   | Noticed a death yak
 21229 | Lair:5   | Noticed a death yak
 21229 | Lair:5   | Noticed a death yak
 21230 | Lair:5   | Noticed a death yak
 21353 | Lair:5   | Reached XP level 13. HP: 45/102 MP: 19/25
 21354 | Lair:5   | HP: 33/102 [elephant (12)]
 21382 | Lair:4   | HP: 23/102 [elephant (2)]
 21387 | Lair:4   | HP: 13/102 [elephant (11)]
 21389 | Lair:4   | Reached skill level 10 in Invocations
 23775 | Lair:6   | Entered Level 6 of the Lair of Beasts
 23832 | Lair:6   | Learned a level 3 spell: Confusing Touch
 23981 | Lair:6   | Reached skill level 11 in Stealth
 24006 | Lair:6   | Reached skill level 5 in Hexes
 24119 | Lair:6   | Found a burning altar of Makhleb.
 25925 | D:11     | Bought the +1 cloak "Ciehuap" {rC+ Str+2} for 415 gold
                  | pieces
 26040 | D:11     | Noticed Urug
 26047 | D:11     | Killed Urug
 26564 | D:11     | Learned a level 2 spell: Wereblood
 26780 | D:11     | Reached skill level 1 in Transmutations
 26786 | D:11     | Reached ****** piety under Uskayaw
 26790 | D:11     | HP: 27/102 [eight-headed hydra (9)]
 26790 | D:11     | HP: 8/102 [eight-headed hydra (12)]
 26807 | D:10     | Noticed a fire dragon
 26807 | D:10     | Noticed a broodmother
 26807 | D:10     | a fire dragon changed into a broodmother
 26808 | D:10     | a broodmother changed into a jorogumo
 26836 | D:10     | Noticed an ettin
 26836 | D:10     | a goliath frog changed into an ettin
 26844 | D:10     | an ettin changed into a wolf spider
 27884 | D:12     | You fall into a shaft and drop 1 floor!
 28492 | D:12     | Gained mutation: You have a pair of horns on your head.
                  | [demonic ancestry]
 28492 | D:12     | Reached XP level 14. HP: 107/109 MP: 22/27
 28720 | D:12     | Found a staircase to the Orcish Mines.
 29001 | D:13     | Reached skill level 12 in Stealth
 29029 | D:13     | HP: 28/109 [centaur warrior/arrow (20)]
 29540 | Orc:1    | Entered Level 1 of the Orcish Mines
 29974 | Orc:2    | Entered Level 2 of the Orcish Mines
 30385 | Orc:2    | Found Eptelo's Armour Emporium.
 30565 | Orc:2    | Found a staircase to the Elven Halls.
 31771 | Orc:2    | Found Miaphipt's General Store.
 31788 | Orc:2    | Found Sierief's Armour Shop.
 31796 | Orc:2    | Found Somunamp's Book Emporium.
 32123 | D:13     | Reached skill level 10 in Short Blades
 32308 | D:13     | Found a shimmering blue altar of Sif Muna.
 32958 | D:13     | Found a gate to the Vaults.
 32958 | D:13     | Noticed an ironbound preserver
 33146 | D:13     | Killed an ironbound preserver
 33547 | Lair:6   | Reached skill level 13 in Stealth
 33903 | Lair:6   | Found a staircase to the Slime Pits.
 35151 | Lair:6   | Found a gateway to Hell.
 35459 | Snake:1  | Entered Level 1 of the Snake Pit
 35626 | Snake:1  | Reached XP level 15. HP: 114/115 MP: 22/28
 35801 | Lair:2   | HP: 30/115 [black mamba (12)]
 35806 | Lair:2   | HP: 7/115 [mana viper (16)]
 35808 | Lair:2   | Reached skill level 14 in Stealth
 36734 | D:6      | Bought the +2 hood of the Assassin {Detection Stab+
                  | Stlth++} for 1320 gold pieces
 36734 | D:6      | Found the +2 hood of the Assassin {Detection Stab+ Stlth++}
 36760 | D:6      | Bought a potion of heal wounds for 60 gold pieces
 37018 | Orc:2    | Bought a +2 pair of gloves of strength for 258 gold pieces
 37960 | Snake:1  | HP: 35/115 [naga mage/splash of poison (7)]
 37966 | Snake:1  | HP: 28/115 [poisoned by a naga mage (splash of poison)]
 38653 | Snake:1  | HP: 34/115 [naga mage/bolt of poison (11)]
 38661 | Snake:1  | HP: 15/115 [asphyx]
 38661 | Snake:1  | HP: 6/115 [naga mage/splash of poison (9)]
 38662 | Snake:1  | HP: 2/115 [poisoned by naga mage (concentrated venom)]
 38663 | Snake:1  | Killed from afar by a naga mage

Illustrated notes

Levels and vault maps discovered:
D:1:      matt_arrival_spirals, layout_loops_ring,
          ebering_ecumenical_altar_mist, dk_noncrumbling_3,
          hangedman_decor_growths
D:2:      layout_basic, basic_altar
D:3:      layout_basic, overflow_temple_1_default, minitemple,
          kennysheep_generic_room_7
D:4:      layout_cave_pools, uniq_blork_the_orc
D:5:      layout_basic, st_stairs_12, uniq_menkaure
D:6:      layout_layer_cave, grunt_qazlal_clouds, amcnicky_altar_gilded,
          minmay_temple_entry_from_below_a, serial_co_window_serial,
          co_window_corner_a, co_window_of_opportunity_a,
          co_window_of_opportunity_a, co_window_corner_a, co_window_paths_a,
          co_window_unsneaky_path_a, co_window_unsneaky_path_d,
          co_window_broadway_c, co_window_paths_c, co_window_paths_e,
          glass_columns_a, glass_columns_b, nicolae_wooded_promenade
D:7:      layout_rooms
D:8:      layout_basic, item_on_display_a
D:9:      layout_basic, lair_entry_dummy, uniq_joseph
D:10:     minmay_flawed_box, layout_rooms, gammafunk_ghost_split, uniq_erica
D:11:     layout_basic, nicolae_shop_sticking_my_neck_out, uniq_urug
D:12:     layout_roguey, hiddenorc1_lemuel, kb_tengu_band
D:13:     layout_long_grid, skrybe_vaults_entry_preservation,
          kennysheep_orc_sif_temple
Lair:1:   layout_concentric_octagons, grunt_megastairs_5
Lair:2:   layout_roguey, dummy_snake_entry, serial_bayou_crossing
Lair:3:   layout_hall_layers
Lair:4:   layout_regular_city, palyth_hydra_swamp_entry, gauntlet_entry_generic,
          minmay_lindwurm_lava, serial_bayou_shore_a
Lair:5:   layout_loops_ring
Lair:6:   evil_forest, layout_loops_ring, slime_dummy, nzn_sisyphean_effort
Snake:1:  layout_misc_corridors, nicolae_snake_snake_lake,
          nicolae_snake_guarding_the_ruins
Orc:1:    layout_diamond_mine
Orc:2:    st_orc_elflike, layout_caves

Skill      XL: |  1  2  3  4  5  6  7  8  9 10 11 12 13 14 15 |
---------------+----------------------------------------------+-----
Short Blades   | 2 3 4 5 7 9 10 | 10.0
Fighting       | 3 4 5 6 7 |  7.9
Invocations    | 3 5 7 8 9 10 | 10.5
Spellcasting   | 2 4 6 7 8 9 |  9.9
Summonings     | 2 |  2.0
Hexes          | 1 4 6 8 9 |  9.7
Ice Magic      | 1 3 |  3.8
Shields        | 3 |  3.6
Earth Magic    | 2 |  2.6
Stealth        | 5 8 10 11 13 14 | 14.4
Dodging        | 2 6 7 |  7.6
Air Magic      | 3 |  3.0
Transmutations | 2 3 |  3.0
Throwing       | |  1.7

Action                   |  1- 3 |  4- 6 |  7- 9 | 10-12 | 13-15 || total
-------------------------+-------+-------+-------+-------+-------++-------
Melee: Dagger            |    47 |       |       |       |       ||    47
       Rapier            |    12 |       |       |       |    81 ||    93
       Headbutt          |    11 |    40 |    81 |   111 |   195 ||   438
       Short sword       |    45 |   149 |   321 |   544 |   679 ||  1738
       Punch             |       |     2 |     5 |       |       ||     7
Throw: Dart              |     2 |     3 |     5 |     1 |       ||    11
 Cast: Ensorcelled Hiber |       |       |     1 |    18 |   137 ||   156
       Summon Small Mamm |       |       |       |   172 |   167 ||   339
       Sandblast         |       |       |       |     6 |       ||     6
       Ozocubu's Armour  |       |       |       |     8 |    14 ||    22
       Confusing Touch   |       |       |       |       |     4 ||     4
       Wereblood         |       |       |       |       |     4 ||     4
Invok: Stomp             |       |     2 |       |       |       ||     2
Evoke: Wand              |       |       |       |     2 |     1 ||     3
  Use: Potion            |       |     1 |       |     2 |     5 ||     8
       Scroll            |       |       |       |    24 |    11 ||    35
 Stab: Paralysed         |       |     1 |     9 |   114 |   128 ||   252
       Sleeping          |       |       |     2 |    18 |    61 ||    81
       Distracted        |       |       |       |     2 |     8 ||    10
       Confused          |       |       |       |       |     2 ||     2
Armor: Chain mail        |    61 |    88 |   138 |       |       ||   287
       Robe              |     3 |       |       |       |       ||     3
       Leather armour    |       |       |    21 |   214 |   211 ||   446
Dodge: Dodged            |    24 |    31 |   111 |   292 |   376 ||   834
Block: Buckler           |       |       |       |   132 |   147 ||   279
